Map: Simulacrum LE

Players

Serral - Winner!

  • Race: Zerg Zerg
  • League: Master
  • Spawn Location: 11:00

Neeblet (Neeb)

  • Race: Protoss Protoss
  • Spawn Location: 5:00

VOD

Have the link to the VOD?

Description

Time

  • Played on: Jan. 14, 2020, 12:51 p.m.
  • Length: 15:17
Show
View Real Time Build Order
Export as new Build Order

Serral Zerg - Winner!

Build Orders: Hatch First 

Get SALT Encoding   

  12  0:00  Drone  
  13  0:12  Overlord  
  13  0:17  Drone  
  14  0:31  Drone x2  
  16  0:48  Hatchery  
  15  0:52  Drone  
  15  0:55  Drone  
  17  0:58  Drone  
  18  1:11  Extractor  
  17  1:14  Spawning Pool  
  17  1:17  Drone  
  17  1:20  Drone  
  18  1:27  Drone  
  19  1:38  Drone  
  20  1:49  Overlord  
  20  2:01  Queen x2  
  22  2:02  Zergling x4  
  26  2:13  Drone x2, Metabolic Boost  
  28  2:23  Drone x2  
  30  2:37  Hatchery  
  30  2:39  Drone  
  30  2:45  Queen  
  30  2:50  Overlord  
  32  2:52  Drone  
  32  2:55  Drone  
  32  2:57  Drone  
  35  3:00  Drone  
  36  3:10  Drone x3  
  36  3:11  Drone  
  36  3:12  Overlord  
  40  3:18  Drone x2  
  42  3:22  Queen  
  44  3:27  Overlord  
  44  3:30  Overlord  
  43  3:39  Zergling x2  
  43  3:40  Zergling x2  
  45  3:41  Zergling x2  
  45  3:46  Spore Crawler  
  45  3:47  Drone  
  45  3:48  Drone  
  47  3:49  Drone  
  47  3:50  Queen  
  47  3:55  Drone x2  
  52  3:56  Drone  
  52  3:57  Spore Crawler  
  52  4:00  Drone  
  52  4:02  Drone x2  
  55  4:06  Zergling x2  
  56  4:10  Drone  
  56  4:14  Overlord  
  56  4:15  Drone x3  
  60  4:20  Spore Crawler  
  60  4:22  Drone  
  58  4:25  Zergling x2  
  58  4:27  Drone x2  
  58  4:28  Lair  
  62  4:34  Drone  
  62  4:35  Drone  
  62  4:36  Roach Warren  
  62  4:38  Overlord  
  63  4:42  Zergling x4  
  63  4:43  Drone x2  
  66  4:46  Drone  
  66  4:48  Extractor  
  66  4:49  Drone  
  66  4:50  Extractor  
  66  4:51  Zergling x6  
  69  4:55  Overlord  
  69  5:01  Drone x4  
  69  5:03  Spore Crawler  
  69  5:04  Zergling x2  
  69  5:05  Zergling x2  
  74  5:09  Overlord  
  74  5:13  Zergling x4  
  76  5:18  Zergling x6  
  76  5:19  Zergling x2  
  74  5:22  Drone x2  
  74  5:26  Drone  
  74  5:29  Drone x2  
  74  5:33  Drone  
  73  5:37  Drone x3  
  73  5:41  Extractor, Evolution Chamber  
  72  5:43  Drone x2  
  72  5:47  Queen  
  75  5:55  Drone x3  
  78  6:00  Overseer, Pneumatized Carapace  
  78  6:01  Drone x2  
  78  6:03  Hatchery  
  79  6:05  Overlord  
  79  6:07  Zerg Melee Weapons Level 1  
  79  6:08  Drone x2  
  81  6:12  Drone x2  
  81  6:14  Drone x2  
  81  6:19  Overlord  
  81  6:20  Drone x2  
  81  6:21  Glial Reconstitution  
  81  6:23  Extractor  
  81  6:24  Extractor  
  81  6:28  Overlord  
  81  6:30  Drone x3  
  81  6:31  Roach x2  
  88  6:36  Overlord  
  88  6:37  Roach, Baneling Nest  
  88  6:39  Overlord  
  89  6:44  Roach  
  89  6:45  Roach x2  
  97  6:54  Zergling x8, Roach x3  
  97  6:58  Ravager x3  
  97  7:00  Zergling x4  
  108  7:04  Infestation Pit  
  108  7:06  Zergling x10  
  108  7:08  Overseer  
  112  7:10  Zergling x2  
  113  7:17  Zergling x2  
  113  7:18  Zergling x8  
  117  7:25  Centrifical Hooks  
  117  7:26  Queen  
  117  7:27  Drone x5  
  117  7:28  Drone  
  125  7:32  Overlord  
  125  7:37  Drone x5  
  125  7:38  Drone  
  125  7:43  Baneling x5  
  130  7:51  Drone  
  129  7:53  Drone  
  129  7:54  Roach x4  
  129  7:55  Roach  
  140  7:59  Overlord x2  
  140  8:01  Hatchery  
  139  8:06  Overseer  
  139  8:09  Zergling x18  
  146  8:14  Spore Crawler  
  146  8:15  Overlord x2  
  146  8:17  Hive  
  145  8:21  Zerg Melee Weapons Level 2  
  145  8:22  Spire  
  145  8:24  Evolution Chamber  
  145  8:27  Ravager  
  144  8:31  Baneling x4  
  144  8:33  Zergling x18  
  152  8:44  Zergling x2  
  152  8:45  Zergling x18  
  161  8:53  Baneling x13  
  160  8:56  Zergling x16  
  168  9:03  Zergling x12  
  168  9:09  Zerg Missile Weapons Level 1  
  173  9:10  Roach  
  173  9:12  Baneling x8  
  175  9:19  Overlord x3  
  174  9:29  Zergling x2  
  174  9:33  Adrenal Glands  
  174  9:34  Greater Spire  
  174  9:35  Overlord x2  
  174  9:36  Overlord x2  
  174  9:37  Baneling x5  
  173  9:39  Baneling  
  173  9:40  Baneling x7  
  173  9:47  Overlord x2  
  173  9:49  Overseer  
  173  9:50  Zergling x30, Roach  
  173  9:52  Baneling x4  
  190  9:53  Baneling  
  190  9:56  Overseer  
  190  9:57  Drone x3  
  190  9:58  Drone  
  194  10:04  Drone  
  194  10:06  Baneling x16  
  193  10:12  Zergling x12  
  180  10:15  Zergling x8  
  180  10:19  Zergling x2  
  180  10:20  Zergling x8  
  147  10:33  Zergling x28  
  136  10:39  Zergling x10  
  123  10:47  Zergling x4  
  118  10:52  Roach x7  
  126  10:57  Baneling x5  
  126  10:59  Roach  
  126  11:02  Roach x5  
  130  11:05  Baneling x7  
  130  11:06  Ravager x4  
  130  11:10  Zergling x10  
  139  11:13  Baneling x5  
  139  11:18  Roach  
  139  11:19  Roach x3  
  139  11:23  Zergling x12  
  143  11:29  Zergling x2  
  143  11:31  Queen x2  
  144  11:36  Queen x2  
  147  11:48  Drone  
  147  11:49  Drone x3  
  147  11:50  Drone x2  
  147  11:51  Drone  
  147  11:52  Drone  
  147  11:53  Baneling x9  
  155  11:54  Zergling x10  
  155  11:59  Baneling x9  
  160  12:04  Zergling x12  
  163  12:11  Queen  
  163  12:12  Zerg Flyer Weapons Level 1  
  163  12:14  Drone  
  163  12:15  Extractor, Drone x3  
  169  12:18  Drone  
  169  12:19  Spine Crawler  
  168  12:24  Zergling x6  
  168  12:29  Overseer  
  171  12:31  Zerg Melee Weapons Level 3  
  171  12:32  Zergling x10, Zerg Ground Armor Level 1  
  176  12:38  Extractor, Drone  
  176  12:39  Drone x3  
  176  12:41  Baneling  
  176  12:42  Baneling x7  
  179  12:48  Zergling x2  
  179  12:49  Zergling x26  
  192  12:52  Baneling x2  
  192  12:56  Baneling x9  
  192  12:57  Baneling x3  
  191  13:05  Zergling x14  
  189  13:12  Zergling x8  
  194  13:16  Drone  
  194  13:17  Spine Crawler  
  194  13:24  Zergling x10  
  194  13:26  Baneling x7  
  199  13:33  Zergling x2  
  200  13:39  Baneling x18  
  198  13:44  Baneling x7  
  191  13:49  Zergling x20  
  200  13:56  Baneling x6  
  200  14:00  Baneling  
  200  14:01  Baneling x4  
  199  14:05  Zergling x8  
  197  14:11  Baneling x16  
  197  14:15  Zergling x4  
  199  14:24  Baneling x11  
  194  14:25  Baneling  
  194  14:36  Baneling x10  
  194  14:39  Hatchery  
  194  14:44  Zergling x24  
  194  14:48  Zergling x18  
  194  14:49  Zergling x2  
  169  14:53  Zergling x2  
Show
View Real Time Build Order
Export as new Build Order

Neeblet Protoss 

Build Orders: 1 Gate Expand, Oracle Opening, Phoenix Opening, Archon Immortal 

Get SALT Encoding   

  12  0:00  Probe  
  13  0:13  Probe  
  14  0:17  Pylon  
  14  0:25  Probe  
  15  0:37  Probe (Chrono Boost)  
  15  0:40  Gateway  
  16  0:47  Probe (Chrono Boost), Assimilator  
  17  0:52  Probe (Chrono Boost)  
  18  1:03  Probe  
  19  1:15  Probe  
  20  1:23  Nexus  
  20  1:36  Cybernetics Core  
  20  1:37  Probe  
  21  1:43  Assimilator  
  21  1:49  Probe  
  21  1:51  Pylon  
  22  2:01  Probe (Chrono Boost)  
  23  2:10  Probe (Chrono Boost)  
  23  2:11  Adept (Chrono Boost)  
  23  2:15  Probe (Chrono Boost)  
  26  2:20  Stargate  
  27  2:28  Warp Gate  
  27  2:29  Probe (Chrono Boost)  
  28  2:33  Adept  
  28  2:36  Probe (Chrono Boost)  
  32  2:45  Probe x2 (Chrono Boost)  
  32  2:50  Probe (Chrono Boost)  
  33  2:51  Probe  
  33  2:53  Gateway  
  35  3:02  Probe  
  35  3:03  Phoenix (Chrono Boost)  
  35  3:05  Probe  
  39  3:14  Probe, Pylon  
  39  3:17  Probe  
  41  3:22  Oracle (Chrono Boost)  
  41  3:26  Probe  
  45  3:29  Probe  
  45  3:34  Gateway  
  46  3:38  Probe, Pylon  
  46  3:41  Probe  
  48  3:43  Adept x2  
  52  3:50  Pylon  
  52  3:51  Probe  
  53  3:55  Pylon  
  53  3:56  Probe  
  53  3:57  Oracle (Chrono Boost)  
  57  4:03  Probe  
  57  4:04  Assimilator  
  57  4:06  Assimilator  
  57  4:08  Probe  
  59  4:15  Probe  
  61  4:26  Nexus  
  61  4:29  Pylon  
  61  4:33  Adept x2  
  61  4:35  Adept  
  66  4:39  Probe  
  66  4:40  Probe  
  66  4:44  Pylon  
  68  4:47  Robotics Facility  
  68  4:52  Probe  
  69  4:54  Robotics Facility  
  69  4:55  Probe  
  70  5:02  Sentry  
  70  5:03  Sentry  
  70  5:04  Probe  
  70  5:05  Zealot  
  77  5:10  Pylon  
  77  5:11  Probe  
  78  5:16  Probe  
  77  5:23  Probe  
  76  5:28  Probe  
  76  5:35  Probe  
  72  5:39  Probe  
  72  5:40  Probe  
  72  5:42  Immortal x2 (Chrono Boost)  
  69  5:43  Probe  
  69  5:47  Probe, Sentry x2  
  80  5:51  Probe  
  80  5:53  Probe  
  80  5:55  Probe, Forge, Twilight Council  
  83  5:59  Assimilator  
  83  6:02  Probe, Assimilator  
  85  6:08  Probe  
  85  6:09  Zealot  
  88  6:12  Probe  
  88  6:14  Probe, Zealot  
  88  6:15  Zealot  
  90  6:20  Probe  
  90  6:23  Pylon  
  90  6:24  Pylon  
  90  6:25  Observer  
  93  6:26  Probe  
  93  6:30  Immortal  
  98  6:33  Charge  
  97  6:41  Dark Shrine  
  97  6:44  Pylon  
  97  6:45  Gateway  
  97  6:46  Gateway  
  97  6:50  Gateway  
  97  6:53  Gateway x2  
  97  6:55  Protoss Ground Weapons Level 1 (Chrono Boost)  
  97  6:59  Immortal (Chrono Boost)  
  101  7:07  Probe x3  
  104  7:15  Nexus  
  104  7:16  Pylon  
  104  7:21  Probe, Immortal (Chrono Boost)  
  105  7:23  Probe  
  105  7:28  Probe  
  107  7:34  Sentry  
  107  7:37  Zealot x2  
  111  7:40  Zealot x2  
  111  7:43  Probe  
  111  7:44  Probe, Zealot  
  119  7:45  Probe  
  122  7:53  Immortal x2  
  130  8:01  Assimilator  
  130  8:04  Sentry, Assimilator, Zealot x2  
  130  8:05  Zealot x2  
  140  8:08  Pylon  
  132  8:15  Photon Cannon  
  132  8:20  Gateway  
  132  8:21  Shield Battery  
  132  8:22  Gateway  
  132  8:35  Photon Cannon  
  132  8:37  Dark Templar x3  
  132  8:38  Dark Templar x3  
  144  8:42  Archon x3  
  144  8:44  Warp Prism  
  146  8:49  Dark Templar x2  
  146  8:54  Archon  
  146  8:56  Protoss Ground Armor Level 1 (Chrono Boost)  
  146  9:01  Gateway  
  142  9:10  Dark Templar x6  
  142  9:14  Archon x3  
  142  9:15  Stalker  
  142  9:16  Stalker  
  154  9:35  Probe x2  
  154  9:36  Probe x2  
  154  9:38  Dark Templar x2  
  160  9:41  Pylon  
  160  9:44  Pylon  
  160  9:45  Pylon, Dark Templar x3, Archon  
  160  9:47  Pylon  
  160  9:48  Dark Templar  
  160  9:49  Archon  
  168  9:53  Archon, Dark Templar  
  168  9:54  Dark Templar  
  172  10:05  Probe x2  
  172  10:06  Probe x2  
  156  10:17  Zealot x4  
  140  10:25  Zealot x4  
  140  10:27  Zealot  
  140  10:28  Zealot  
  132  10:32  Probe  
  132  10:34  Immortal  
  115  10:48  Zealot x8  
  127  10:52  Zealot  
  127  10:54  Zealot  
  118  11:09  Zealot x3  
  118  11:10  Zealot x3  
  130  11:11  Dark Templar x2  
  130  11:15  Archon  
  134  11:22  Templar Archives  
  106  11:28  Immortal  
  106  11:33  Immortal  
  106  11:36  Protoss Ground Weapons Level 2 (Chrono Boost)  
  106  11:38  Psionic Storm  
  106  11:39  Sentry  
  100  11:40  Dark Templar x4, Sentry  
  100  11:46  Archon x2  
  110  11:49  Probe x3  
  113  12:00  High Templar x4  
  121  12:05  Blink  
  121  12:08  High Templar  
  121  12:09  High Templar  
  121  12:12  Photon Cannon  
  121  12:14  High Templar  
  127  12:16  High Templar x2  
  127  12:20  Archon  
  127  12:21  Stalker  
  133  12:28  Photon Cannon  
  133  12:33  High Templar  
  133  12:34  Zealot x3  
  141  12:47  Immortal x2  
  141  12:48  Stalker x2  
  141  12:51  Nexus  
  151  12:55  Stalker x2  
  151  12:58  Zealot  
  151  13:15  High Templar x2, Stalker  
  151  13:16  Assimilator, Stalker x3  
  166  13:24  Photon Cannon  
  163  13:28  Photon Cannon, Shield Battery  
  162  13:35  High Templar x2, Zealot x2  
  162  13:39  Archon  
  162  13:40  Archon  
  170  13:42  Zealot x4  
  169  13:55  Pylon, Photon Cannon, Stalker x4  
  177  14:07  Probe x2  
  167  14:11  Probe x2  
  169  14:19  Probe  
  153  14:30  High Templar x6  
  153  14:31  Zealot x4  
  169  14:35  Archon x3  
  173  14:40  Probe x2  
  79  14:55  Stalker x3  
Tags
 
Add a new tag
Caveats
  • Supply blocks, unpowered buildings, or Contaminate may cause inaccurate times.
  • Supply counts are checked every 10 seconds.